AoeStats
← ITA | Raffy

African Clearing

504070667Analyzed
4v4 RM · 29d ago on Sep 3, 2026· 28m 13s· 8 players
Game mode
Random Map
Map size
Large (8 player)
Population
200
Speed
Normal
Resources
Standard
Victory
Conquest
Starting age
Dark Age
Ending age
Imperial Age
RankedLock teamsTeams togetherTeam positionsShared explorationLock speedFull tech treeHidden civsTurbo modeCheats
Victory
Defeat
🇫🇷 Mapuche · France
1816
+6
🇨🇳 Mongols · China
1779
+7
🇳🇱 Inca · Netherlands
1772
+8
🇲🇽 Celts · Mexico
1685
+12
🇮🇹 Burgundians · Italy
1759
-15
1562
-8
1512
-6
🇮🇹 Shu · Italy
1446
-4
Ux'Chimtzin
8:15 Loom
12:08 Feudal Age
12:42 Double-Bit Axe
15:23 Fletching
21:03 Castle Age
19:53 Scale Barding Armor
20:36 Forging
23:04 Bow Saw
23:07 Horse Collar
24:42 Wheelbarrow
28:28 Gold Mining
veni
8:08 Loom
11:15 Feudal Age
11:58 Double-Bit Axe
14:10 Fletching
14:35 Town Watch
17:44 Padded Archer Armor
17:38 Gold Mining
18:35 Horse Collar
22:10 Castle Age
21:19 Champi Runner
22:06 Scale Mail Armor
22:11 Crossbowman
22:47 Bodkin Arrow
22:52 Champi Warrior
26:24 Chain Mail Armor
OGN
6:26 Loom
13:31 Feudal Age
18:06 Castle Age
17:38 Double-Bit Axe
17:59 Town Watch
19:19 Fishing Lines
20:48 Bow Saw
冥想控
4:23 Loom
12:48 Feudal Age
16:59 Castle Age
15:22 Town Watch
16:31 Double-Bit Axe
23:52 Fletching
MrDJM
6:53 Loom
7:30 Loom
12:08 Loom
14:08 Feudal Age
18:18 Castle Age
16:16 Double-Bit Axe
16:11 Horse Collar
17:11 Bow Saw
16:41 Horse Collar
ITA | CivettaAviotrasportata
5:12 Loom
13:17 Feudal Age
17:41 Castle Age
16:45 Double-Bit Axe
16:53 Gold Mining
17:28 Scale Barding Armor
18:19 Forging
20:03 Husbandry
PietroSecchielloDiSabbia
7:07 Loom
13:19 Feudal Age
19:07 Castle Age
19:58 Double-Bit Axe
21:00 Wheelbarrow
22:45 Gold Mining
ITA | Raffy
2:58 Loom
13:45 Feudal Age
18:05 Castle Age
18:40 Padded Archer Armor
23:07 Fletching
Connection lost

Rejoining the realm…

Still unreachable

The connection could not be restored.

Session expired

The server has moved on; the page needs a fresh start.